Arudna, lawful female dwarven Valkyrie ..... |.{...| |'..|.| .|@--|.| .e.| |[% .---.|.----------- .*.|.........| --.|.....[...| |.-...%<....| --|.........| |.........| ----------- Arudna the Woman-at-arms Experience level: 11 Strength: 18/01 Dexterity: 14 Constitution: 20 Intelligence: 7 Wisdom: 9 Charisma: 9 Health: 0(128) Energy: 9(9) AC: -4 Gold: 36 Moves: 13320 Your Inventory: Coins $ - 36 gold pieces Amulets N - an [uncursed] spherical amulet [of life saving] Weapons a - the blessed rustproof +1 Excalibur b - an uncursed very rusty +0 dagger g - a blessed [rustproof +1] long sword [Excalibur] H - an uncursed [+0] orcish dagger S - 2 uncursed +0 elven daggers (wielded) X - 5 [uncursed +0] daggers Armor c - an uncursed +3 small shield (being worn) v - a blessed +0 elven mithril-coat (being worn) x - an uncursed +0 elven leather helm (being worn) E - an uncursed +0 pair of combat boots [elven] (being worn) Comestibles d - an [uncursed stale] egg O - 2 uncursed food rations Q - an [uncursed] fortune cookie T - 3 uncursed lizard corpses Scrolls f - an uncursed scroll of remove curse j - an [uncursed] scroll labeled HAPAX LEGOMENON [of destroy armor] o - 4 uncursed scrolls of teleportation R - an [uncursed] scroll labeled MAPIRO MAHAMA DIROMAT [of gold detection] Spellbooks h - an [uncursed] cloth spellbook [of protection] i - an [uncursed] magenta spellbook [of create monster] k - an uncursed gray spellbook [of restore ability] n - an uncursed glittering spellbook [of detect unseen] Potions J - an [uncursed] potion of speed P - an [uncursed] potion of hallucination Rings I - an uncursed ring of slow digestion Wands F - an uncursed wand of striking [0:4] K - an uncursed wand of lightning [0:4] U - an uncursed wand called cancel [of cancellation (0:1)] W - an [uncursed] wand called cancel [of cancellation (0:7)] Tools L - an [uncursed +0] pick-axe [of fire] M - an uncursed key [skeleton key] V - an uncursed [+0] unicorn horn Y - an uncursed sack Spells known in the end: Name Level Category Fail Memory Your skills at the end: Fighting Skills body armor [Basic / Skilled] shield [Skilled / Expert] Weapon Skills dagger [Basic / Expert] long sword [Expert / Expert] Spellcasting Skills Final Attributes: You were piously aligned. Hunger level was 162. Your alignment was 76 / 76. Monster difficulty range was 2 - 12. Level difficulty was 13. You were immune to cold. You resisted sleep. You resisted poison. You were telepathic. You had infravision. You were stealthy. You were fast. Your luck was zero. You are dead. Vanquished creatures: a vampire a ghost a queen bee 2 giant mimics a doppelganger a large mimic a wumpus a baby long worm an air elemental a water elemental 3 giant zombies a sergeant a warg 3 small mimics 2 ettin mummies an ogre lord a quantum mechanic 2 freezing spheres 2 shocking spheres an ochre jelly an elf mummy a red naga 2 carnivorous apes a Grey-elf an incubus a chameleon 2 crocodiles 2 giant beetles a cockatrice a wolf 4 winter wolf cubs a lynx 2 gremlins 3 spotted jellies a leprechaun an orc-captain an iron piercer 3 giant spiders 2 scorpions 2 horses a gnome king an orc mummy 4 ogres a rust monster an owlbear 2 werewolves 4 lizards a warrior a dog a dingo a housecat a jaguar 4 blue jellies a gray unicorn 2 dust vortices 3 ravens 3 snakes 2 apes 6 human zombies 10 Woodland-elves 10 fire ants a bugbear 2 imps a quasit 2 mountain nymphs 5 rock piercers 3 enormous rats 4 rock moles 3 ponies a fog cloud a yellow light a shrieker a violet fungus a kobold mummy a red naga hatchling 2 black naga hatchlings 5 guardian naga hatchlings 4 gray oozes an elf zombie 3 wax golems a baby crocodile 4 giant ants a little dog 2 floating eyes 3 kittens 2 homunculi a kobold lord 3 hill orcs 6 rothes 3 centipedes 2 giant bats an orc zombie 2 dwarf zombies 2 werejackals 2 iguanas 16 killer bees an acid blob 7 coyotes a hobbit 9 manes a large kobold a hobgoblin 4 giant rats 6 cave spiders 2 brown molds 3 yellow molds 3 green molds 3 red molds 9 gnomes 8 gnome zombies 4 geckos 7 jackals 2 foxes a kobold 5 goblins 9 sewer rats 2 grid bugs 4 bats 5 lichens a kobold zombie 6 newts 318 creatures vanquished. Voluntary challenges: You used a wielded weapon 645 times. You read items or engraved 15 times. You put on armor 12 times. You never genocided any monsters. You never polymorphed an object. You never changed form. You used no wishes. You wrote Elbereth's name 4 times. You encountered 1 bones level. You used 1 Sokoban shortcut. Dungeon overview: The Dungeons of Doom: levels 1 to 12 Level 1 a long staircase Level 2 a scroll shop, some fountains Level 4 a fountain stairs to The Gnomish Mines Level 5 a fountain Level 8 a fountain Level 7 a general store, an altar, a sink stairs to Sokoban Level 8 a fountain stairs to Town Level 9 a fountain Level 11 a fountain Level 12 portal to The Quest The Gnomish Mines: levels 5 to 13 Level 5 stairs to The Dungeons of Doom Level 8 many shops, a temple, a magic chest, some fountains Level 13 <- You were here a fountain The Quest: Level 1 a fountain portal to The Dungeons of Doom Sokoban: levels 4 to 6 Level 6 a magic chest stairs to The Dungeons of Doom Town: Level 7 stairs to The Dungeons of Doom History has recorded: On T:1 you entered the Dungeons of Doom to retrieve the Amulet of Yendor! On T:241 you reached level 2 of The Dungeons of Doom. On T:327 you advanced to experience level 2. On T:549 you advanced to experience level 3. On T:869 you advanced to experience level 4. On T:1023 you reached level 3 of The Dungeons of Doom. On T:1143 you advanced to experience level 5. On T:1720 you reached level 4 of The Dungeons of Doom. On T:2082 you advanced to experience level 6. On T:2126 you reached level 5 of The Dungeons of Doom. On T:2222 you reached level 1 of The Gnomish Mines. On T:2831 you advanced to experience level 7. On T:2954 you reached level 2 of The Gnomish Mines. On T:3361 you reached level 3 of The Gnomish Mines. On T:3510 you reached level 4 of The Gnomish Mines. On T:3537 you advanced to experience level 8. On T:5091 you reached level 6 of The Dungeons of Doom. On T:5383 you reached level 7 of The Dungeons of Doom. On T:5591 you advanced to experience level 9. On T:5930 you reached level 3 of Sokoban. On T:6304 you reached level 2 of Sokoban. On T:6625 you reached level 1 of Sokoban. On T:7620 you reached level 8 of The Dungeons of Doom. On T:8122 you reached level 3 of Town. On T:8199 you reached level 9 of The Dungeons of Doom. On T:8418 you advanced to experience level 10. On T:8569 you reached level 10 of The Dungeons of Doom. On T:8900 you reached level 11 of The Dungeons of Doom. On T:9534 you reached level 12 of The Dungeons of Doom. On T:9979 you reached level 1 of The Quest. On T:10694 you reached level 5 of The Gnomish Mines. On T:11072 you reached level 6 of The Gnomish Mines. On T:11487 you advanced to experience level 11. On T:11895 you reached level 7 of The Gnomish Mines. On T:12147 you reached level 8 of The Gnomish Mines. On T:12943 you reached level 9 of The Gnomish Mines. Latest messages: The clay golem hits! [HP-11=93] [HP+2=95] The clay golem hits! [HP-13=82] The clay golem hits! [HP-23=59] [HP+2=61] The clay golem hits! [HP-7=54] The clay golem hits! [HP-7=47] The clay golem hits! [HP-18=29] The clay golem hits! [HP-10=19] [HP+1=20] The clay golem hits! [HP-15=5] [HP+2=7] The clay golem hits! You die... The sack is empty. Final status: Farvel Arudna the Valkyrie... You died in The Gnomish Mines on dungeon level 13 with 34267 points, and 36 pieces of gold, after 13320 moves. You were level 11 with a maximum of 128 hit points when you died.